 Dungeon Crawl Stone Soup version 0.19.4-8-ga85b6b9 (webtiles) character file.

95 empire the Shield-Bearer (level 4, -1/37 HPs)
             Began as a Formicid Fighter on Feb 13, 2017.
             Slain by Paps's ghost (8 damage)
             ... on level 3 of the Dungeon.
             The game lasted 00:04:28 (2628 turns).

empire the Shield-Bearer (Formicid Fighter)         Turns: 2628, Time: 00:04:28

Health: -1/37      AC: 11    Str: 21    XL:     4   Next: 97%
Magic:  4/4        EV:  4    Int:  8    God:
Gold:   161        SH:  9    Dex: 10    Spells: 0 memorised, 3 levels left

rFire  . . .     SeeInvis +     a - +0 war axe
rCold  . . .     Gourm    .     o - +0 plate armour
rNeg   . . .     Faith    .     c - +0 shield
rPois  .         Spirit   .     (helmet unavailable)
rElec  .         Reflect  .     (no cloak)
rCorr  .         Harm     .     (no gloves)
MR     .....                    (no boots)
Stlth  ..........               (no amulet)
                                (no ring)
                                (no ring)

@: no status effects
A: permanent stasis, dig shafts and tunnels, four strong arms, antennae 3
a: Dig, Shaft Self


You were on level 3 of the Dungeon.
You were not hungry.

You visited 1 branch of the dungeon, and saw 3 of its levels.

You collected 161 gold pieces.

Inventory:

Hand Weapons
 a - a +0 war axe (weapon)
Armour
 c - a +0 shield (worn)
 o - a +0 plate armour (worn)
Wands
 s - a wand of lightning (6/15)
Scrolls
 b - a scroll of teleportation {unknown}
 j - 2 scrolls of identify {unknown}
 l - a scroll of fear {unknown}
 n - a scroll of random uselessness {unknown}
 p - a scroll of enchant weapon {unknown}
 q - 4 scrolls of remove curse {unknown}
 u - a scroll of immolation {unknown}
Potions
 d - a potion of might
 e - 2 potions of haste {unknown}
 g - a potion of degeneration {unknown}
 i - a potion of curing {unknown}
 m - 2 potions of brilliance {unknown}
 r - a potion of lignification {unknown}
Comestibles
 f - a bread ration
 h - a beef jerky
 k - a slice of pizza
 t - a meat ration


   Skills:
 + Level 3.7 Fighting
 * Level 3.0 Axes
 * Level 4.0 Armour
 + Level 4.6 Shields


You had 3 spell levels left.
You didn't know any spells.

Dungeon Overview and Level Annotations

Branches:
Dungeon (3/15)

Altars:
Makhleb

Annotations:
D:3 Paps's ghost, amateur TrFi


Innate Abilities, Weirdness & Mutations

You are under a permanent stasis effect.
You can dig through walls and to a lower floor.
Your four strong arms can wield two-handed weapons with a shield.
You have a pair of large antennae on your head. (SInv)


Message History

Paps's ghost hits you but does no damage.
You block Paps's ghost's attack.
You hit Paps's ghost.
Paps's ghost is heavily damaged.
You block Paps's ghost's attack.
Your shield and plate armour prevent you from hitting Paps's ghost.
Paps's ghost is heavily damaged.
Paps's ghost hits you!
You slash Paps's ghost!
Paps's ghost is heavily damaged.
Paps's ghost hits you but does no damage.
You block Paps's ghost's attack.
You closely miss Paps's ghost.
Paps's ghost is heavily damaged.
Paps's ghost hits you!
* * * LOW HITPOINT WARNING * * *
Your shield and plate armour prevent you from hitting Paps's ghost.
Paps's ghost is heavily damaged.
Paps's ghost hits you!
You die...

#.# #.# #.#
######.#
#......#
#######.####
## #....#
#.##.#
#.##@#
#.##W######.
#...........
#....######.
#....#
#..### #.#
#. #'


You could see Paps's ghost.

Vanquished Creatures
  2 adders (D:2)
  2 oozes
  2 worms (D:2)
  2 dart slugs
  2 leopard geckos
  6 bats
  2 giant cockroaches
  10 goblins
  4 hobgoblins
  4 jackals (D:1)
  9 kobolds
  2 ball pythons
  3 frilled lizards
  5 rats
55 creatures vanquished.

Notes
Turn   | Place    | Note
-------+----------+-------------------------------------------
     0 | D:1      | empire the Formicid Fighter began the quest for the Orb.
     0 | D:1      | Reached XP level 1. HP: 18/18 MP: 1/1
    70 | D:1      | Reached XP level 2. HP: 6/24 MP: 2/2
   363 | D:1      | Reached XP level 3. HP: 28/29 MP: 3/3
  1147 | D:2      | Reached XP level 4. HP: 34/36 MP: 4/4
  1702 | D:2      | Found a burning altar of Makhleb.
  2611 | D:3      | Noticed Paps's ghost (amateur TrFi)
  2628 | D:3      | Slain by Paps's ghost

Skill      XL: |  1  2  3  4 |
---------------+-------------+-----
Shields        | 4 |  4.6
Axes           | 3 |  3.0
Armour         | 4 |  4.0
Fighting       | |  3.7

Action                   |  1- 3 |  4- 6 || total
-------------------------+-------+-------++-------
Melee: War axe           |    97 |    83 ||   180
  Eat: Chunk             |     1 |     5 ||     6
Armor: Scale mail        |    68 |       ||    68
       Plate armour      |       |    45 ||    45
Dodge: Dodged            |    43 |    17 ||    60
Block: Shield            |    91 |    43 ||   134
